groovejumper, neutral female human Wizard -------- ----- #-.[[)[)| ... ###|$[)[[[| < # |.[[[[]| q ### -------- @ # # # ##### # # 0 # # # # # # ## ## # -.-----|--# |.......[.# |{.......| |........| |........| |......<.| ---------- groovejumper the Thaumaturge Experience level: 8 Strength: 7 Dexterity: 13 Constitution: 17 Intelligence: 18 Wisdom: 11 Charisma: 11 Health: 0(70) Energy: 15(81) AC: 9 Gold: 67 Moves: 2538 Your Inventory: Coins $ - 67 gold pieces Amulets H - a [cursed] square amulet [of change] Weapons a - a blessed +2 quarterstaff (weapon in hands) v - 20 uncursed [+0] darts Armor b - an uncursed +0 cloak of magic resistance (being worn) Comestibles n - an uncursed melon o - an uncursed lichen corpse w - 2 [uncursed] food rations M - an [uncursed] tin [of hobbit meat] T - an [uncursed] pancake Scrolls h - an uncursed scroll of teleportation y - an [uncursed] scroll labeled VENZAR BORGAVVE [of light] z - an [uncursed] scroll labeled PRIRUTSENIE [of enchant armor] A - an [uncursed] scroll labeled VENZAR BORGAVVE [of light] B - an uncursed scroll of destroy armor C - an uncursed scroll of gold detection D - a [blessed] scroll labeled PRIRUTSENIE [of enchant armor] E - a cursed scroll of confuse monster F - a [blessed] scroll labeled VENZAR BORGAVVE [of light] N - 3 [uncursed] unlabeled scrolls [of blank paper] Q - an [uncursed] scroll labeled TEMOV [of earth] S - a [cursed] scroll labeled XIXAXA XOXAXA XUXAXA [of remove curse] Spellbooks k - a blessed spellbook of force bolt l - an uncursed spellbook of remove curse V - an [uncursed] spellbook of protection Potions f - 2 uncursed clear potions [of water] g - an uncursed clear potion [of water] p - an uncursed clear potion [of water] r - an uncursed murky potion [of healing] u - an uncursed potion of gain ability G - 2 [uncursed] dark green potions [of confusion] J - an [uncursed] greasy potion [of gain energy] Rings d - an uncursed +1 ring of gain constitution e - an uncursed +1 ring of increase accuracy O - an [uncursed] plain ring [of searching] Wands c - an uncursed wand of digging (0:7) x - an uncursed wand of opening (0:4) U - an [uncursed] wand of striking [0:6] Tools m - an uncursed magic marker (0:66) q - an uncursed towel K - 2 [uncursed tallow] candles L - an [uncursed] stethoscope P - an [uncursed] tin whistle R - an [uncursed] tin whistle Spells known in the end: Name Level Category Fail Memory a - force bolt 1 attack 0% [||||||||] b - remove curse 3 clerical 77% [||||||||] c - protection 1 clerical 0% [||||||||] Your skills at the end: Fighting Skills Weapon Skills quarterstaff [Basic / Expert] Spellcasting Skills attack spells [Basic / Expert] enchantment spells [Basic / Skilled] Final Attributes: You were piously aligned. Hunger level was 305. Your alignment was 22 / 22. Monster difficulty range was 1 - 7. Level difficulty was 7. You were magic-protected. Your luck was zero. You are dead. Vanquished creatures: a quivering blob 3 wolves a leprechaun a black light an orc mummy a brown pudding a dingo a dwarf lord 5 water moccasins a wood nymph 2 Uruk-hai 2 rock piercers 2 gnome lords a paper golem a baby crocodile a floating eye a kitten a homunculus 6 hill orcs a rothe a giant bat a monkey a werejackal 2 iguanas an acid blob 3 hobbits 2 large kobolds a hobgoblin a yellow mold 4 gnomes 15 Keystone Kops 2 garter snakes 3 geckos 2 jackals a kobold 2 goblins 5 grid bugs 2 lichens a kobold zombie 4 newts 88 creatures vanquished. Voluntary challenges: You used a wielded weapon 74 times. You read items or engraved 12 times. You put on armor 1 time. You never genocided any monsters. You never polymorphed an object. You never changed form. You used no wishes. You wrote Elbereth's name 4 times. You never encountered a bones level. You never used any Sokoban shortcuts. Dungeon overview: The Dungeons of Doom: levels 1 to 7 Level 1 some altars a long staircase Level 2 a scroll shop, an altar, a fountain Level 3 a fountain stairs to The Gnomish Mines Level 4 a fountain Level 5 a fountain Level 6 many fountains Level 7 <- You were here an armor shop, a fountain a long staircase The Gnomish Mines: Level 4 stairs to The Dungeons of Doom History has recorded: On T:1 you entered the Dungeons of Doom to retrieve the Amulet of Yendor! On T:234 you reached level 2 of The Dungeons of Doom. On T:409 you advanced to experience level 2. On T:841 you advanced to experience level 3. On T:848 you advanced to experience level 4. On T:885 you advanced to experience level 5. On T:891 you reached level 3 of The Dungeons of Doom. On T:968 you advanced to experience level 6. On T:1087 you reached level 1 of The Gnomish Mines. On T:1309 you reached level 4 of The Dungeons of Doom. On T:1374 you advanced to experience level 7. On T:1706 you reached level 5 of The Dungeons of Doom. On T:1918 you reached level 6 of The Dungeons of Doom. On T:2092 you advanced to experience level 8. On T:2289 you reached level 7 of The Dungeons of Doom. Latest messages: The orc mummy hits! [HP-1=44] The spell hits the orc mummy. You destroy the orc mummy! $ - 19 gold pieces. You see here a mummy wrapping. [HP+1=45] [HP+1=46] [HP+1=47] [HP+1=48] You find a secret door. [HP+1=49] [5 turns] The door opens. You hit the mumak! You miss the mumak. The mumak butts! The mumak bites! [HP-46=3] You write "Elbereth" with your fingers into the dust. The mumak butts! You die... Final status: Goodbye groovejumper the Wizard... You died in The Dungeons of Doom on dungeon level 7 with 4809 points, and 67 pieces of gold, after 2538 moves. You were level 8 with a maximum of 70 hit points when you died.